 Dungeon Crawl Stone Soup version 0.30-a0-1160-g6e42c06551 (webtiles) character file.

Game seed: 1760199910207092349

1957 holysushi the Reanimator (level 8, -5/39 HPs)
             Began as a Spriggan Necromancer on Apr 26, 2023.
             Was an Initiate of Sif Muna.
             Killed from afar by Maggie (19 damage)
             ... with a bolt of fire
             ... on level 6 of the Dungeon.
             The game lasted 00:12:40 (6731 turns).

holysushi the Reanimator (Spriggan Necromancer)     Turns: 6731, Time: 00:12:41

Health: -5/39      AC:  5    Str:  4    XL:     8   Next: 99%
Magic:  1/17       EV: 19    Int: 18    God:    Sif Muna [......]
Gold:   292        SH:  0    Dex: 16    Spells: 6/18 levels left

rFire   . . .        a - +0 short sword
rCold   . . .        (no shield)
rNeg    . . .        f - +0 robe
rPois   +            (helmet restricted)
rElec   .            x - +2 cloak
rCorr   .            (gloves unavailable)
SInv    +            (boots unavailable)
Will    +....        (no amulet)
Stlth   ++           q - ring of poison resistance
HPRegen 0.26/turn    r - ring of flight
MPRegen 0.15/turn

%: no passive effects
@: animating dead, flying, very quick
A: very small, no large weapons, unfitting armour, see invisible, speed 3
a: Renounce Religion


You were on level 6 of the Dungeon.
You worshipped Sif Muna.
Sif Muna was noncommittal.
You visited 2 branches of the dungeon, and saw 7 of its levels.

You collected 292 gold pieces.

Inventory:

Hand Weapons
 a - a +0 short sword (weapon)
Armour
 f - a +0 robe (worn)
 x - a +2 cloak (worn)
Jewellery
 q - a ring of poison resistance (left hand)
 r - a ring of flight (right hand)
Wands
 o - a wand of roots (8)
 w - a wand of flame (19)
Scrolls
 c - a scroll of noise {unknown}
 e - 6 scrolls of identify {unknown}
 g - a scroll of brand weapon {unknown}
 k - 2 scrolls of immolation {unknown}
 l - 2 scrolls of poison {unknown}
 m - 3 scrolls of fog {unknown}
 p - 2 scrolls of enchant weapon {unknown}
 s - a scroll of magic mapping {unknown}
Potions
 b - 2 potions of magic
 d - 3 potions of brilliance {unknown}
 h - 6 potions of curing {unknown}
 i - 2 potions of cancellation {unknown}
 j - 2 potions of flight {unknown}
 n - a potion of heal wounds {unknown}
 t - a potion of mutation {unknown}
 u - 3 potions of degeneration {unknown}
 v - a potion of berserk rage {unknown}


   Skills:
 - Level 2.0 Fighting
 - Level 2.0 Short Blades
 - Level 5.0 Dodging
 - Level 3.0 Stealth
 + Level 5.5 Spellcasting
 + Level 9.5 Necromancy
 + Level 1.7 Poison Magic
 - Level 2.0 Evocations


You had 6 spell levels left.
You knew the following spells:

 Your Spells              Type           Power      Damage    Failure   Level
a - Necrotise             Necr           100%       1d9       1%          1
b - Vampiric Draining     Necr           39%        2d8       1%          3
c - Animate Dead          Necr           39%        N/A       2%          4
d - Olgreb's Toxic Radia  Pois           11%        N/A       52%         4

Your spell library contained the following spells:

 Spells                   Type           Power      Damage    Failure   Level
 Sublimation of Blood     Necr           39%        N/A       1%          2
 Agony                    Necr           39%        N/A       7%          5
 Sting                    Tmut/Pois      32%        1d4       9%          1
 Beastly Appendage        Tmut           10%        N/A       13%         1
 Poisonous Vapours        Pois/Air       16%        N/A       14%         2
 Wereblood                Tmut           5%         N/A       19%         2
 Spider Form              Tmut/Pois      8%         N/A       26%         3
 Volatile Blastmotes      Fire/Tloc      10%        2d10      36%         3
 Fulminant Prism          Conj/Hex       2%         3d5       77%         4
 Iskenderun's Mystic Bla  Conj/Tloc      5%         2d3       77%         4
 Lee's Rapid Deconstruct  Erth           2%         3d5*      98%         5
 Summon Hydra             Summ           2%         N/A       100%        7


Dungeon Overview and Level Annotations

Branches:
Dungeon (6/15) Zot: 26525  Temple (1/1) D:5 Zot: 5772

Altars:
Ashenzari
Cheibriados
Elyvilon
Fedhas
Gozag
Hepliaklqana
Makhleb
Nemelex Xobeh
Qazlal
Sif Muna
Uskayaw
Vehumet
Wu Jian
Xom
Zin
The Shining One

Shops:
D:5 (

Annotations:
D:6 Maggie


Innate Abilities, Weirdness & Mutations

You are very small and have problems with some larger weapons.
You are too small for most types of armour.
You have supernaturally acute eyesight. (SInv)
You cover ground extremely quickly. (Speed+++)


Message History

Attack!
Your killer bee zombie hits the sky beast.
A gnoll comes into view. It is wielding a +0 club.
A gnoll sergeant comes into view. It is wielding a +0 trident.
The sky beast hits your killer bee zombie.
The sky beast shocks your killer bee zombie.
Your killer bee zombie hits the sky beast but does no damage.
Your killer bee zombie completely misses the sky beast.
Your gnoll zombie closely misses the sky beast.
The sky beast barely misses your killer bee zombie.
Maggie casts a spell.
Maggie attempts to bespell you! You resist with almost no effort.
Your killer bee zombie hits the sky beast.
Your killer bee zombie closely misses the sky beast.
Your killer bee zombie barely misses the sky beast.
Your killer bee zombie hits the sky beast.
The sky beast barely misses your killer bee zombie.
Your gnoll zombie closely misses the sky beast.
Your killer bee zombie hits the sky beast but does no damage.
Your killer bee zombie hits the sky beast.
Your killer bee zombie hits the sky beast.
Your killer bee zombie barely misses the sky beast.
The gnoll hits your killer bee zombie with a +0 club!
Your killer bee zombie is destroyed!
Maggie points at you and mumbles some strange words.
The bolt of fire hits you!!
Ouch! That really hurt!
Your killer bee zombie hits the sky beast.
Your gnoll zombie completely misses the sky beast.
You see here a killer bee corpse.
Your killer bee zombie closely misses the sky beast.
Your killer bee zombie hits the sky beast but does no damage.
Something misses your killer bee zombie.
There is a stone staircase leading up, spattered with blood here.
Your killer bee zombie hits the sky beast. x2
Your gnoll zombie closely misses the sky beast.
Your killer bee zombie hits the sky beast.
Maggie points at you and mumbles some strange words.
The bolt of fire hits you!!
You die...

#.#.##.....####
#.#.............
#..........####.###
#....##....#..#...#
#.##.##....#.####.#
#+#..g..@..#..†...#
.....ZZ....#.######
....#Z.........# .
#..Y...†@#.#
#........#.#
#........#.#
#...g....#.#
#........#..
..........###
####......#
##......


You could see Maggie, a sky beast (ally target), a gnoll sergeant, a gnoll, 2
friendly killer bee zombies and a friendly gnoll zombie.

Vanquished Creatures
  Sigmund (D:5)
  A steam dragon (D:5)
  An acid dragon (D:5)
  A water moccasin (D:5)
  A sky beast (D:6)
  3 black bears
  4 ogres (D:5)
  An ice beast (D:6)
  2 scorpions
  4 killer bees
  An orc priest (D:5)
  Crazy Yiuf (D:5)
  An iguana (D:5)
  5 orc wizards
  4 adders
  An ufetubus (D:5)
  2 worms
  A dart slug (D:1)
  14 orcs
  4 ball pythons
  5 endoplasms
  4 giant cockroaches
  6 hobgoblins
  3 jackals (D:3)
  2 quokkas (D:1)
  3 bats
  3 frilled lizards
  7 goblins
  3 kobolds
  4 rats
93 creatures vanquished.

Vanquished Creatures (collateral kills)
  A killer bee (D:6)
  A gnoll (D:6)
  A dart slug (D:3)
  2 endoplasms
  A hobgoblin (D:3)
  A frilled lizard (D:3)
7 creatures vanquished.

Vanquished Creatures (others)
  A killer bee zombie (D:6)
  An ice beast zombie (D:6)
  2 fungi (D:5)
4 creatures vanquished.

Grand Total: 104 creatures vanquished

Notes
Turn   | Place    | Note
-------+----------+-------------------------------------------
     0 | D:1      | holysushi the Spriggan Necromancer began the quest for the
                  | Orb.
     0 | D:1      | Reached XP level 1. HP: 9/9 MP: 5/5
   227 | D:1      | Reached skill level 1 in Fighting
   265 | D:1      | Reached XP level 2. HP: 13/14 MP: 3/6
  1243 | D:1      | Reached XP level 3. HP: 18/18 MP: 1/8
  1943 | D:2      | Learned a level 3 spell: Vampiric Draining
  2142 | D:3      | Reached XP level 4. HP: 23/23 MP: 7/9
  2226 | D:3      | Reached skill level 1 in Short Blades
  2635 | D:3      | Found a faded altar of an unknown god.
  3103 | D:3      | Reached skill level 4 in Necromancy
  3103 | D:3      | Reached skill level 1 in Evocations
  3225 | D:3      | Reached XP level 5. HP: 26/26 MP: 1/10
  3695 | D:4      | Noticed a black bear
  3705 | D:4      | Killed a black bear
  3706 | D:4      | Reached skill level 5 in Dodging
  3706 | D:4      | Reached XP level 6. HP: 24/30 MP: 4/11
  3787 | D:4      | Reached skill level 5 in Necromancy
  3989 | D:4      | Found a shimmering altar of Xom.
  3990 | D:4      | Found a hazy altar of Hepliaklqana.
  3991 | D:4      | Noticed a spectral ugly thing
  4034 | D:5      | Entered Level 5 of the Dungeon
  4215 | D:5      | Reached skill level 6 in Necromancy
  4215 | D:5      | Reached XP level 7. HP: 35/35 MP: 0/12
  4936 | D:5      | Reached skill level 7 in Necromancy
  4950 | D:5      | Reached skill level 5 in Spellcasting
  5282 | D:5      | Found Xiutae's Weapon Shop.
  5403 | D:5      | Reached XP level 8. HP: 39/39 MP: 12/16
  5420 | D:5      | Found a staircase to the Ecumenical Temple.
  5429 | Temple   | Entered the Ecumenical Temple
  5742 | Temple   | Became a worshipper of Sif Muna the Loreminder
  5772 | D:5      | Noticed Sigmund
  5776 | D:5      | Killed Sigmund
  5890 | D:5      | Reached skill level 8 in Necromancy
  6079 | D:5      | Found a runed translucent door.
  6080 | D:5      | Noticed Crazy Yiuf
  6114 | D:5      | Killed Crazy Yiuf
  6265 | D:5      | Learned a level 4 spell: Animate Dead
  6276 | D:5      | Reached skill level 9 in Necromancy
  6507 | D:6      | Noticed Maggie
  6602 | D:5      | Learned a level 4 spell: Olgreb's Toxic Radiance
  6631 | D:6      | Reached skill level 1 in Poison Magic
  6731 | D:6      | Killed from afar by Maggie

Illustrated notes

Levels and vault maps discovered:
D:1:      wander_arrival_lonely_grave, layout_basic
D:2:      layout_loops_ring
D:3:      minmay_evil_eye, layout_rooms, nicolae_ecumenical_oubliette
D:4:      layout_cave_pools, regret_index_temple_of_mockery
D:5:      layout_basic, minmay_temple_entry_arrows, serial_shops,
          nicolae_shop_peninsula, chequers_serial_rivers_marsh,
          uniq_crazy_yiuf_cottage, uniq_sigmund
D:6:      dreamdust_elfheim, layout_basic, kennysheep_mini_moat,
          trog_butcher_becter, mainiacjoe_overflow_concentric_impassable,
          gammafunk_ghost_hive, uniq_maggie
Temple:   minmay_temple_curvy_branch

Skill      XL: |  1  2  3  4  5  6  7  8 |
---------------+-------------------------+-----
Fighting       | 1 2 |  2.0
Dodging        | 3 4 5 |  5.0
Short Blades   | 1 2 |  2.0
Necromancy     | 4 6 7 9 |  9.5
Evocations     | 1 2 |  2.0
Spellcasting   | 5 |  5.5
Poison Magic   | 1 |  1.7
Stealth        | |  3.0

Action                     |  1- 3 |  4- 6 |  7- 9 || total
---------------------------+-------+-------+-------++-------
  Melee: Unarmed           |     3 |       |       ||     3
         Dagger            |    44 |     2 |       ||    46
         Short sword       |       |     4 |    23 ||    27
   Cast: Necrotise         |    85 |    91 |    62 ||   238
         Vampiric Draining |       |     9 |    29 ||    38
         Animate Dead      |       |       |     3 ||     3
  Evoke: Wand              |       |       |     5 ||     5
   Stab: Sleeping          |     3 |       |     1 ||     4
 Armour: Robe              |     8 |     4 |     3 ||    15
  Dodge: Dodged            |    35 |    31 |    59 ||   125

Table legend: (Time is in decaauts)
 A = Elapsed time spent in this place.
 B = Non-inter-level travel time spent in this place.
 C = Inter-level travel time spent in this place.
 D = Time resting spent in this place.
 E = Time spent auto-exploring this place.
 F = Levels seen in this place.
 G = Mean time per level.
                   A        B        C        D        E       F      G
               +--------+--------+--------+--------+--------+-----+--------+
         Total |   5277 |   5143 |    134 |   1784 |   2246 |   7 |  753.9 |
       Dungeon |   5050 |   4942 |    108 |   1742 |   2094 |   6 |  841.7 |
        Temple |    227 |    201 |     26 |     42 |    152 |   1 |  227.0 |
               +--------+--------+--------+--------+--------+-----+--------+

Top non-repeatable levels by time:
     D:5: 1673 daAuts
     D:3: 1124 daAuts
     D:1: 1048 daAuts
     D:2: 509 daAuts
     D:4: 491 daAuts
  Temple: 227 daAuts
     D:6: 203 daAuts
